 Dungeon Crawl Stone Soup version 0.31-a0-154-g56bf346678 (webtiles) character file.

Game seed: 15406469203870035367

25 Moral the Ducker (level 2, -1/15 HPs)
             Began as a Spriggan Gladiator on June 12, 2023.
             Slain by a gnoll
             ... wielding a +0 spear
              (6 damage)
             ... on level 2 of the Dungeon.
             The game lasted 00:02:12 (898 turns).

Moral the Ducker (Spriggan Gladiator)                Turns: 898, Time: 00:02:12

Health: -1/15      AC:  2    Str: 10    XL:     2   Next: 86%
Magic:  3/3        EV: 19    Int:  9    God:
Gold:   48         SH:  0    Dex: 16    Spells: 1/1 levels left

rFire   . . .        a - +0 rapier
rCold   . . .        (no shield)
rNeg    . . .        b - +0 robe
rPois   .            c - +0 hat
rElec   .            (no cloak)
rCorr   .            (gloves unavailable)
SInv    +            (boots unavailable)
Will    .....        (no amulet)
Stlth   ++           (no ring)
HPRegen 0.22/turn    (no ring)
MPRegen 0.08/turn

%: no passive effects
@: very quick
A: very small, no large weapons, unfitting armour, see invisible, speed 3
a: no special abilities


You were on level 2 of the Dungeon.
You visited 1 branch of the dungeon, and saw 2 of its levels.

You collected 48 gold pieces.

Inventory:

Hand Weapons
 a - a +0 rapier (weapon)
Armour
 b - a +0 robe (worn)
 c - a +0 hat (worn)
Scrolls
 e - a scroll of brand weapon {unknown}
 g - a scroll of teleportation {unknown}
Potions
 d - a potion of invisibility {unknown}
 f - 2 potions of lignification {unknown}
 h - 4 potions of curing {unknown}


   Skills:
 * Level 1.9 Fighting
 - Level 3.3 Short Blades
 + Level 2.3 Throwing
 * Level 4.7 Dodging
 + Level 1.0 Stealth


You had one spell level left.
You didn't know any spells.
Your spell library was empty.

Dungeon Overview and Level Annotations

Branches:
Dungeon (2/15)

Altars:

Shops:
D:1 *


Innate Abilities, Weirdness & Mutations

You are very small and have problems with some larger weapons.
You are too small for most types of armour.
You have supernaturally acute eyesight. (SInv)
You cover ground extremely quickly. (Speed+++)


Message History

The bat hits you. The bat hits you but does no damage.
You hit the bat.
You kill the bat!
You see here a +0 leather armour.
You see here a +0 leather armour.
Found a club.
A ball python comes into view.
A ball python is nearby!
The ball python hisses angrily.
The ball python closely misses you. The ball python barely misses you.
You puncture the ball python!
You kill the ball python!
You see here a ball python corpse.
Found a ring mail.
There is an empty arch of ancient stone here.
There is an empty arch of ancient stone here.
There is an empty arch of ancient stone here.
There is a faded altar of an unknown god here.
Key pressed, stopping explore.
You see here a ball python corpse.
You see here a +0 falchion.
Done exploring.
Done exploring.
You see here a +0 club.
There is an escape hatch in the floor here.
There is an empty arch of ancient stone here.
You see here a hobgoblin skeleton.
There is a stone staircase leading down here.
You climb downwards.
There is a stone staircase leading up here.
The helpless gnoll fails to defend itself.
You puncture the gnoll!
The gnoll is severely wounded.
The gnoll shouts! x2
The gnoll hits you with a +0 club. The gnoll hits you with a +0 whip.
You puncture the gnoll!
You kill the gnoll!
The gnoll hits you with a +0 whip.
The gnoll hits you from afar with a +0 spear.
You die...

#.# ... #.#
#.# #.# ##.#
##..# #.g@#
.......)...+
#####..g####
#....#
#.#### #. #


You could see 2 gnolls.

Vanquished Creatures
  A gnoll (D:2)
  2 bats (D:1)
  An endoplasm (D:1)
  3 giant cockroaches (D:1)
  A goblin (D:1)
  2 hobgoblins (D:1)
  5 quokkas (D:1)
  4 ball pythons (D:1)
  2 frilled lizards (D:1)
  A kobold (D:1)
  2 rats (D:1)
24 creatures vanquished.

Notes
Turn   | Place    | Note
-------+----------+-------------------------------------------
     0 | D:1      | Moral the Spriggan Gladiator began the quest for the Orb.
     0 | D:1      | Reached XP level 1. HP: 10/10 MP: 2/2
   109 | D:1      | Found Gupen's General Store.
   167 | D:1      | Reached XP level 2. HP: 15/15 MP: 3/3
   256 | D:1      | Found a faded altar of an unknown god.
   266 | D:1      | Reached skill level 1 in Stealth
   898 | D:2      | Slain by a gnoll

Illustrated notes

Levels and vault maps discovered:
D:1:      onia_arrival_mini_spirals, layout_loops_ring, serial_shops, shop,
          serial_glass, glass_columns_a, glass_columns_a, glass_columns_a,
          glass_columns_a, glass_columns_b, glass_columns_c,
          hellmonk_ecumenical_altar_arch_garden, st_stairs_7
D:2:      layout_loops_corners, basic_altar

Skill      XL: |  1  2 |
---------------+-------+-----
Stealth        | 1 |  1.0
Fighting       | |  1.9
Short Blades   | |  3.3
Throwing       | |  2.3
Dodging        | |  4.7

Action                     || total
---------------------------++-------
  Melee: Rapier            ||    73
         Punch             ||     1
   Stab: Sleeping          ||     2
 Armour: Robe              ||    10
  Dodge: Dodged            ||    81

Table legend: (Time is in decaauts)
 A = Elapsed time spent in this place.
 B = Non-inter-level travel time spent in this place.
 C = Inter-level travel time spent in this place.
 D = Time resting spent in this place.
 E = Time spent auto-exploring this place.
 F = Levels seen in this place.
 G = Mean time per level.
                   A        B        C        D        E       F      G
               +--------+--------+--------+--------+--------+-----+--------+
         Total |    598 |    552 |     46 |      0 |    402 |   2 |  299.0 |
       Dungeon |    598 |    552 |     46 |      0 |    402 |   2 |  299.0 |
               +--------+--------+--------+--------+--------+-----+--------+

Top non-repeatable levels by time:
     D:1: 596 daAuts
     D:2: 1 daAuts
